 Dungeon Crawl Stone Soup version 0.23-a0-14-g8c9a20f (webtiles) character file.

138 Treefire the Conjurer (level 5, -4/28 HPs)
             Began as a Deep Elf Fire Elementalist on Aug 2, 2018.
             Was an Initiate of Kikubaaqudgha.
             Slain by a wyvern skeleton (15 damage)
             ... on level 6 of the Dungeon on Aug 3, 2018.
             The game lasted 00:28:06 (4773 turns).

Treefire the Conjurer (Deep Elf Fire Elementalist)  Turns: 4773, Time: 00:28:07

Health: -4/28      AC:  3    Str:  5    XL:     5   Next: 1%
Magic:  11/11      EV: 13    Int: 21    God:    Kikubaaqudgha [......]
Gold:   238        SH:  0    Dex: 15    Spells: 4/10 levels left

rFire    . . .     SeeInvis .   b - +0 hunting sling
rCold    . . .     Gourm    .   (no shield)
rNeg     . . .     Faith    .   a - +0 robe
rPois    .         Spirit   .   (no helmet)
rElec    .         Reflect  .   B - +0 cloak
rCorr    .         Harm     .   (no gloves)
MR       .....                  (no boots)
Stlth    ++........             (no amulet)
HPRegen  0.09/turn              (no ring)
MPRegen  0.12/turn              (no ring)

@: about to teleport
A: no striking features
a: Renounce Religion


You were on level 6 of the Dungeon.
You worshipped Kikubaaqudgha.
Kikubaaqudgha was noncommittal.
You were hungry.

You visited 1 branch of the dungeon, and saw 5 of its levels.

You collected 238 gold pieces.

Inventory:

Hand Weapons
 b - a +0 hunting sling (weapon)
 f - a +0 blowgun
 p - a +0 rapier
 y - a +0 spear
 z - a +0 halberd
 A - a +0 long sword of distortion
 F - a +0 scimitar
Missiles
 h - 28 stones (quivered)
 j - 49 bolts
 l - 8 poisoned needles
 x - a throwing net
 E - 20 arrows
Armour
 a - a +0 robe (worn)
 B - a +0 cloak (worn)
Magical Staves
 w - an uncursed staff of death {unknown}
Jewellery
 G - a cursed -3 ring of dexterity {unknown}
Scrolls
 e - 5 scrolls of identify
 k - a scroll of immolation
 m - a scroll of remove curse
 q - a scroll of enchant armour {unknown}
 s - a scroll of noise
 t - 2 scrolls of enchant weapon {unknown}
 v - a scroll of magic mapping {unknown}
 C - 2 scrolls of amnesia
Potions
 d - a potion of might {unknown}
 g - a potion of flight {unknown}
 i - a potion of ambrosia {unknown}
 n - 2 potions of agility
 o - a potion of cancellation {unknown}
 u - a potion of resistance {unknown}
 D - 2 potions of brilliance {unknown}
Comestibles
 c - 6 rations


   Skills:
 - Level 2.4 Dodging
 - Level 2.4 Stealth
 - Level 3.0 Spellcasting
 + Level 4.8 Conjurations
 - Level 4.0 Fire Magic


You had 4 spell levels left.
You knew the following spells:

 Your Spells              Type           Power        Failure   Level  Hunger
a - Flame Tongue          Conj/Fire      ###..        2%          1    None
b - Throw Flame           Conj/Fire      ###...       3%          2    ##.....
c - Conjure Flame         Conj/Fire      ###.....     6%          3    ###....

Your spell library contained the following spells:

 Spells                   Type           Power        Failure   Level  Hunger
 Fireball                 Conj/Fire      ###.......   52%         5    ######.
 Sticky Flame             Conj/Fire      ###.....     22%         4    ####...
 Inner Flame              Hex/Fire       ##......     17%         3    ###....


Dungeon Overview and Level Annotations

Branches:
Dungeon (4/15)             Temple (0/1) D:4

Altars:
Dithmenos
Gozag
Kikubaaqudgha
Trog

Annotations:
D:3 Jessica


Message History

You feel sick.
You feel sick.
You feel sick.
Press: ? - help, v - describe, . - travel
Here: a scorpion (inner flame)
The floor.
Unknown command.
You feel sick.
You are no longer poisoned.
The orc complains repeatedly, in orcish tradition.
A quokka and a skeleton come into view.
The scorpion's inner flame fades away.
Found 4 gold pieces and a war axe.
The wyvern skeleton bites you. The wyvern skeleton bites you.
As you read the scroll of teleportation, it crumbles to dust.
You feel strangely unstable. The wyvern skeleton bites you!
Ouch! That really hurt!
You die...
Kikubaaqudgha rasps: "You have failed me!
Welcome... death!"

#.# #######.#.#
........#.#
........#.#
........#.#
.######o#.#
#.#.#
######.#.#####.#
#.......osZ@...#
#........#######
#$.........
#........###
#........#
.r........#
...)####### ...


You could see a scorpion, an orc and a wyvern skeleton.

Vanquished Creatures
  3 gnolls (D:4)
  3 adders
  An ooze (D:6)
  4 dart slugs
  2 leopard geckos
  9 bats
  3 giant cockroaches
  11 goblins
  3 hobgoblins
  5 jackals (D:3)
  8 kobolds
  2 ball pythons
  5 frilled lizards
  12 rats
71 creatures vanquished.

Notes
Turn   | Place    | Note
-------+----------+-------------------------------------------
     0 | D:1      | Treefire the Deep Elf Fire Elementalist began the quest for the Orb.
     0 | D:1      | Reached XP level 1. HP: 10/10 MP: 6/6
   442 | D:1      | Reached XP level 2. HP: 13/15 MP: 5/8
   739 | D:1      | Learned a level 2 spell: Throw Flame
  1786 | D:2      | Reached XP level 3. HP: 19/19 MP: 2/9
  1867 | D:2      | Learned a level 3 spell: Conjure Flame
  3182 | D:3      | Reached XP level 4. HP: 24/24 MP: 0/10
  3680 | D:3      | Noticed a moth of wrath
  3683 | D:3      | Found a bloodstained altar of Trog.
  3887 | D:3      | Found an ancient bone altar of Kikubaaqudgha.
  3888 | D:3      | Found a shadowy altar of Dithmenos.
  4043 | D:3      | Noticed Jessica
  4063 | D:3      | Found an opulent altar of Gozag.
  4154 | D:3      | Became a worshipper of Kikubaaqudgha
  4543 | D:4      | Found a staircase to the Ecumenical Temple.
  4582 | D:4      | You fall through a shaft for 2 floors!
  4693 | D:6      | Reached XP level 5. HP: 28/28 MP: 9/11
  4773 | D:6      | Slain by a wyvern skeleton

Vault maps used:
D:1:      elethiomel_arrival_infinity_welcomes_careful_drivers
D:2:      minmay_hexomino_u4
D:3:      tgw_trog, nicolae_overflow_hidden_temple,
          gammafunk_temple_overflow_pools, first_ration, uniq_jessica
D:4:      temple_pool_b, enter_ossuary_5, kennysheep_flooded_box,
          grunt_dithmenos_shadows, uniq_robin
D:6:      nicolae_benzene_ring

Skill      XL: |  1  2  3  4 |
---------------+-------------+-----
Conjurations   | 2 3 4 |  4.8
Fire Magic     | 4 |  4.0
Dodging        | |  2.4
Stealth        | |  2.4
Spellcasting   | |  3.0

Action                   |  1- 3 |  4- 6 || total
-------------------------+-------+-------++-------
 Fire: Blowgun           |       |     4 ||     4
       Hunting sling     |       |     2 ||     2
Throw: Stone             |    20 |     8 ||    28
 Cast: Flame Tongue      |    53 |    28 ||    81
       Throw Flame       |    28 |    11 ||    39
       Conjure Flame     |     4 |     5 ||     9
  Use: Scroll            |     2 |     6 ||     8
  Eat: Chunk             |     8 |     5 ||    13
Armor: Robe              |     1 |       ||     1
Dodge: Dodged            |    11 |     2 ||    13

Table legend:
 A = Spawn XP
 B = Non-spawn XP
 C = Spawn XP percentage of total XP
 D = Spawn monster count
 E = Non-spawn monster count
 F = Spawn count percentage of total count
 G = Total turns spent on level
                    A         B        C        D         E        F      G
               +---------+---------+-------+---------+---------+-------+---------
         Total |       0 |     198 |   0.0 |       0 |      71 |   0.0 |  4773
               +---------+---------+-------+---------+---------+-------+---------
           D:1 |       0 |      24 |   0.0 |       0 |      16 |   0.0 |  1370
           D:2 |       0 |      45 |   0.0 |       0 |      20 |   0.0 |  1500
           D:3 |       0 |      79 |   0.0 |       0 |      31 |   0.0 |  1534
           D:4 |       0 |      43 |   0.0 |       0 |       3 |   0.0 |   178
           D:6 |       0 |       7 |   0.0 |       0 |       1 |   0.0 |   191
               +---------+---------+-------+---------+---------+-------+---------
